 Dungeon Crawl Stone Soup version 0.21-a0-39-g28ea6b7 (webtiles) character file.

300 tilp the Chiller (level 6, -6/41 HPs)
             Began as a Merfolk Ice Elementalist on June 2, 2017.
             Mangled by an orc wizard
             ... wielding a +1 dagger of electrocution
              (19 damage)
             ... on level 4 of the Dungeon.
             The game lasted 00:10:22 (4784 turns).

tilp the Chiller (Merfolk Ice Elementalist)         Turns: 4784, Time: 00:10:24

Health: -6/41      AC:  3    Str:  8    XL:     6   Next: 36%
Magic:  12/13      EV: 13    Int: 16    God:
Gold:   214        SH:  0    Dex: 15    Spells: 4/14 levels left

rFire    . . .     SeeInvis .   g - +0 short sword
rCold    . . .     Gourm    .   (no shield)
rNeg     . . .     Faith    .   a - +0 robe
rPois    .         Spirit   .   k - +0 helmet
rElec    .         Reflect  .   j - scarf {repulsion}
rCorr    .         Harm     .   (no gloves)
MR       .....                  (no boots)
Stlth    ++........             (no amulet)
Regen    0.2/turn               (no ring)
MPRegen  0.2/turn               (no ring)

@: slowed, repel missiles, very slow
A: change form in water, swift swim, stealthy swim
a: no special abilities


You were on level 4 of the Dungeon.
You were not hungry.

You visited 1 branch of the dungeon, and saw 4 of its levels.

You collected 214 gold pieces.

Inventory:

Hand Weapons
 g - a +0 short sword (weapon)
 n - a +0 spear
Armour
 a - a +0 robe (worn)
 j - a scarf of repulsion (worn)
 k - a +0 helmet (worn)
Wands
 x - a wand of paralysis (9/24)
Scrolls
 d - a scroll of blinking {unknown}
 e - 3 scrolls of remove curse {unknown}
 f - 6 scrolls of amnesia {unknown}
 h - 2 scrolls of teleportation {unknown}
 m - 2 scrolls of enchant weapon {unknown}
 o - a scroll of fog {unknown}
 p - 3 scrolls of identify {unknown}
 s - a scroll of fear {unknown}
 t - 4 scrolls of magic mapping {unknown}
Potions
 l - a potion of ambrosia
 r - a potion of might {unknown}
 w - a potion of resistance {unknown}
Books
 b - a book of Frost

   Spells                             Type                      Level
   a - Freeze                         Ice                          1
   b - Throw Frost                    Conjuration/Ice              2
   c - Ozocubu's Armour               Charms/Ice                   3
   d - Throw Icicle                   Conjuration/Ice              4
   e - Summon Ice Beast               Ice/Summoning                4
Comestibles
 c - 2 bread rations
 i - 4 fruits
 q - 2 royal jellies
 v - a chunk of flesh


   Skills:
 * Level 2.4 Polearms
 - Level 3.1 Dodging
 - Level 2.1 Stealth
 * Level 4.7 Spellcasting
 - Level 0.7 Conjurations
 + Level 4.9 Ice Magic


You had 4 spell levels left.
You knew the following spells:

 Your Spells              Type           Power        Failure   Level  Hunger
a - Freeze                Ice            ###.         1%          1    None
b - Throw Frost           Conj/Ice       ##....       8%          2    ##.....
c - Ozocubu's Armour      Chrm/Ice       ##......     17%         3    ###....
d - Throw Icicle          Conj/Ice       ##......     43%         4    ####...


Dungeon Overview and Level Annotations

Branches:
Dungeon (4/15)
 Temple: D:4-7

Altars:
Sif Muna

Annotations:
D:3 1 runed door


Message History

You're too confused to move!
The orc wizard mumbles some strange words.
The orc wizard blinks!
The orc hits you.
* * * LOW HITPOINT WARNING * * *
Unknown command.
You bump into the rock wall.
You feel less invigorated.
You feel less confused. The orc barely misses you.
The orc hits you but does no damage.
Casting: Throw Frost
Confirm with . or Enter, or press ? or * to list all spells.
Aiming: Freeze
Press: ? - help, Shift-Dir - straight line, f - orc wizard
Aim: an orc wizard, wielding a dagger of electrocution and wearing a robe (fast)
You freeze the orc wizard.
The orc wizard is heavily wounded.
The orc wizard hits you but does no damage.
The orc barely misses you.
The orc wizard hits you with a dagger of electrocution.
You are electrocuted!
You die...

#.#.....#
#.#####.#.....###
..........<.....+
#.##.##.........#
# #........##
###.....##
##...## ##o## #@#
#o# # ####o###
(## #.^....#
####...#.
#.##.#.#
#.o.o....
#รท##.#.# #.#
#.##.#.###.#
#.##.......#
#.####.#####


You could see an orc wizard and 2 orcs.

Vanquished Creatures
  An ogre (D:3)
  A scorpion (D:4)
  A howler monkey (D:4)
  An orc priest (D:4)
  Terence (D:3)
  2 adders (D:3)
  2 worms
  3 dart slugs
  2 leopard geckos (D:3)
  An orc (D:4)
  A ball python (D:2)
  A giant cockroach (D:3)
  7 goblins
  9 hobgoblins
  3 bats
  3 frilled lizards
  A jackal skeleton (D:4)
  8 kobolds
  3 rats
51 creatures vanquished.

Vanquished Creatures (others)
  A bat (D:1)
1 creature vanquished.

Grand Total: 52 creatures vanquished

Notes
Turn   | Place    | Note
-------+----------+-------------------------------------------
     0 | D:1      | tilp the Merfolk Ice Elementalist began the quest for the Orb.
     0 | D:1      | Reached XP level 1. HP: 13/13 MP: 3/3
   271 | D:1      | Reached XP level 2. HP: 14/19 MP: 1/5
  1381 | D:2      | Reached XP level 3. HP: 24/24 MP: 4/6
  2596 | D:3      | Noticed Terence
  2607 | D:3      | Killed Terence
  2607 | D:3      | Reached skill level 1 in Polearms
  2607 | D:3      | Reached XP level 4. HP: 29/30 MP: 0/8
  3075 | D:3      | Found a deep blue altar of Sif Muna.
  3180 | D:3      | Found a runed door.
  3646 | D:3      | Noticed an ogre
  3654 | D:3      | Killed an ogre
  3654 | D:3      | Reached XP level 5. HP: 35/35 MP: 9/11
  4002 | D:4      | Noticed an ogre
  4316 | D:4      | Reached XP level 6. HP: 39/41 MP: 7/12
  4320 | D:4      | Learned a level 2 spell: Throw Frost
  4324 | D:4      | Learned a level 3 spell: Ozocubu's Armour
  4329 | D:4      | Learned a level 4 spell: Throw Icicle
  4763 | D:4      | HP: 1/41 [orc wizard/dagger of electrocution (14)]
  4784 | D:4      | Mangled by an orc wizard

Vault maps used:
D:1:      lightli_arrival_maybe_door_vault, lemuel_flame_loot_1
D:2:      minmay_stone_trees_small
D:3:      led_sif_pool, uniq_terence, uniq_crazy_yiuf_cottage
D:4:      minmay_temple_entry_overgrown, serial_shops, shop_coins, first_bread

Skill      XL: |  1  2  3  4 |
---------------+-------------+-----
Ice Magic      | 4 |  4.9
Dodging        | 3 |  3.1
Polearms       | 1 2 |  2.4
Spellcasting   | 3 4 |  4.7
Stealth        | |  2.1
Conjurations   | |  0.7

Action                   |  1- 3 |  4- 6 || total
-------------------------+-------+-------++-------
Melee: Short sword       |    92 |    77 ||   169
       Club              |     2 |       ||     2
 Cast: Freeze            |    37 |    26 ||    63
       Throw Frost       |       |     4 ||     4
Evoke: Wand              |       |     3 ||     3
  Use: Potion            |       |     2 ||     2
 Stab: Sleeping          |     6 |     4 ||    10
       Distracted        |     1 |       ||     1
       Paralysed         |       |     6 ||     6
  Eat: Chunk             |     6 |     2 ||     8
       Meat ration       |       |     1 ||     1
Armor: Robe              |    12 |    18 ||    30
Dodge: Dodged            |    57 |    58 ||   115
       Deflected         |     4 |     1 ||     5
